 Dungeon Crawl Stone Soup version 0.30-a0-40-gc6d0f036a7 (webtiles) character file.

Game seed: 700556985240173245

57 Newt the Cutter (level 3, -4/27 HPs)
             Began as a Demonspawn Gladiator on Aug 29, 2022.
             Slain by a two-headed ogre
             ... wielding a +0 dire flail
              (11 damage)
             ... on level 4 of the Dungeon.
             The game lasted 00:01:15 (1140 turns).

Newt the Cutter (Demonspawn Gladiator)              Turns: 1140, Time: 00:01:16

Health: -4/27      AC:  5    Str: 14    XL:     3   Next: 73%
Magic:  3/3        EV: 12    Int:  9    God:
Gold:   53         SH:  0    Dex: 16    Spells: 2/2 levels left

rFire   . . .      SeeInvis .    f - +3 dagger (venom)
rCold   . . .      Faith    .    (no shield)
rNeg    . . .      Spirit   .    b - +0 leather armour
rPois   .          Reflect  .    c - +0 helmet
rElec   .          Harm     .    (no cloak)
rCorr   .          Rampage  .    j - +0 pair of gloves
Will    .....                    (no boots)
Stlth   ++........               (no amulet)
HPRegen 0.09/turn                (no ring)
MPRegen 0.08/turn                (no ring)

@: no status effects
A: hooves 1, weakness stinger 1
a: no special abilities


You were on level 4 of the Dungeon.
You visited 1 branch of the dungeon, and saw 3 of its levels.

You collected 53 gold pieces.

Inventory:

Hand Weapons
 a - a +0 rapier
 f - a +3 dagger of venom (weapon)
Missiles
 d - 3 throwing nets (quivered)
 e - a javelin
 g - 2 boomerangs
Armour
 b - a +0 leather armour (worn)
 c - a +0 helmet (worn)
 j - a +0 pair of gloves (worn)
Scrolls
 h - a scroll of teleportation
Potions
 i - a potion of might {unknown}
 k - 2 potions of brilliance {unknown}
 l - a potion of lignification {unknown}


   Skills:
 - Level 2.0 Fighting
 + Level 3.7 Short Blades
 - Level 1.7 Throwing
 - Level 2.6 Dodging
 - Level 2.0 Stealth


You had 2 spell levels left.
You didn't know any spells.
Your spell library contained the following spells:

 Spells                   Type           Power      Damage    Failure   Level
 Shock                    Conj/Air       0%         1d3       45%         1
 Swiftness                Air            0%         N/A       83%         3
 Airstrike                Air            0%         2d(0-16)  99%         4


Dungeon Overview and Level Annotations

Branches:
Dungeon (2/15)

Altars:


Innate Abilities, Weirdness & Mutations

You have large cloven feet.
You have a small tail.


Message History

The goblin closely misses you.
You hit the goblin.
You kill the goblin!
No target in view!
No target in view!
No target in view!
No target in view!
No target in view!
No target in view!
No target in view!
Things that are here:
a +0 dagger; a goblin corpse
Found a plate armour.
Found 5 stones.
Found a stone staircase leading up.
A sourceless malevolence fills the Dungeon...
You fall into a shaft and drop 2 floors!
The shaft crumbles and collapses.
Found a lumpy emerald potion and a black potion.
i - a lumpy emerald potion An adder comes into view.
An adder is nearby!
The helpless adder fails to defend itself.
You impale the adder!!
You kill the adder!
l - a black potion
Found a stone staircase leading down.
Found 4 stones.
A two-headed ogre comes into view.
It is wielding a +0 dire flail and a +0 giant club.
The two-headed ogre shouts in stereo!
Throw: 2 boomerangs
Press: ? - help, Shift-Dir - straight line, f - two-headed ogre
Aim: a two-headed ogre, wielding a +0 dire flail and a +0 giant club (75% to hit)
You throw a boomerang. The boomerang hits the two-headed ogre.
The two-headed ogre is lightly wounded.
The two-headed ogre hits you with a +0 dire flail!!
Ouch! That really hurt!
* * * LOW HITPOINT WARNING * * *
The two-headed ogre hits you with a +0 giant club!
You die...

##### #.... ######## ...
.......# ... .......##
#.#+#
........########O..#
........#....#.#@.#
.............#....##.
####..................#
#...................
####..#......#..####....
..##.........#.## ....
..##...........# ...
.............### ..
...####.....>.


You could see a two-headed ogre.

Vanquished Creatures
  2 adders
  A dart slug (D:2)
  4 ball pythons (D:1)
  2 bats
  2 endoplasms (D:1)
  2 giant cockroaches (D:1)
  6 goblins
  2 hobgoblins (D:1)
  5 kobolds (D:1)
  A quokka (D:1)
  3 frilled lizards (D:1)
  4 rats
34 creatures vanquished.

Notes
Turn   | Place    | Note
-------+----------+-------------------------------------------
     0 | D:1      | Newt the Demonspawn Gladiator began the quest for the Orb.
     0 | D:1      | Reached XP level 1. HP: 16/16 MP: 1/1
    20 | D:1      | Reached skill level 1 in Stealth
   161 | D:1      | Discovered your monstrous ancestry.
   161 | D:1      | Gained mutation: You have a small tail. [demonic ancestry]
   161 | D:1      | Reached XP level 2. HP: 22/22 MP: 2/2
   391 | D:1      | Found a faded altar of an unknown god.
   438 | D:1      | Reached skill level 3 in Short Blades
   577 | D:1      | Gained mutation: You have large cloven feet. [demonic
                  | ancestry]
   577 | D:1      | Reached XP level 3. HP: 19/27 MP: 3/3
  1099 | D:2      | You fall into a shaft and drop 2 floors!
  1139 | D:4      | Noticed a two-headed ogre
  1140 | D:4      | Slain by a two-headed ogre

Illustrated notes

Levels and vault maps discovered:
D:1:      lemuel_arrival_rhombus, layout_basic,
          shapermc_ecumenical_altar_mp_vishouse, grunt_decor_one_mirror
D:2:      layout_basic, minmay_3d_cube
D:4:      minmay_polygon_palace, layout_basic, uniq_duvessa

Skill      XL: |  1  2 |
---------------+-------+-----
Stealth        | 1 2 |  2.0
Short Blades   | 3 |  3.7
Fighting       | |  2.0
Throwing       | |  1.7
Dodging        | |  2.6

Action                   || total
-------------------------++-------
Melee: Rapier            ||    10
       Dagger            ||    61
       Punch             ||     1
       Tailslap          ||     6
       Kick              ||     3
Throw: Boomerang         ||     1
  Use: Scroll            ||     3
 Stab: Sleeping          ||     2
Armor: Leather armour    ||    19
Dodge: Dodged            ||    25

Table legend: (Time is in decaauts)
 A = Elapsed time spent in this place.
 B = Non-inter-level travel time spent in this place.
 C = Inter-level travel time spent in this place.
 D = Time resting spent in this place.
 E = Time spent auto-exploring this place.
 F = Levels seen in this place.
 G = Mean time per level.
                   A        B        C        D        E       F      G
               +--------+--------+--------+--------+--------+-----+--------+
         Total |   1130 |   1095 |     35 |      0 |    885 |   3 |  376.7 |
       Dungeon |   1130 |   1095 |     35 |      0 |    885 |   3 |  376.7 |
               +--------+--------+--------+--------+--------+-----+--------+

Top non-repeatable levels by time:
     D:1: 794 daAuts
     D:2: 295 daAuts
     D:4: 40 daAuts
